[Event "Early-Titled-Tuesday-Blitz-March-05-2024"]
[Site "Chess.com"]
[Date "2024.03.05"]
[Round "8"]
[White "chess123456s"]
[Black "Nuvas"]
[Result "0-1"]
[WhiteElo "2571"]
[BlackElo "2808"]
[TimeControl "180+1"]
[EndTime "9:28:59 PST"]
[Termination "Nuvas won by resignation"]

1. e4 e5 2. Nf3 Nc6 3. Bc4 Nf6 4. d3 d5 5. exd5 Nxd5 6. O-O Nb6 7. Bb3 Bg4 8. Re1 Qe7 9. Nbd2 O-O-O 10. h3 Bh5 11. Ne4 f6 12. Ng3 Bf7 13. Bxf7 Qxf7 14. a4 a5 15. Be3 Nd5 16. Nd2 f5 17. Bg5 Re8 18.
Nc4 f4 19. Qh5 g6 20. Qg4+ Kb8 21. Ne4 h6 22. Bh4 g5 23. Bxg5 Rg8 24. h4 hxg5 25. hxg5 Be7 26. Qd7 Rd8 27. Qg4 Nf6 28. Qf5 Qh7 29.
Qe6 Nxe4 30. Rxe4 Rxg5 31. Nd2 Rh8 32. Kf1 Qh1+ 33. Ke2 Qxa1 0-1

[Event "Early-Titled-Tuesday-Blitz-March-05-2024"]
[Site "Chess.com"]
[Date "2024.03.05"]
[Round "8"]
[White "margarita_2703"]
[Black "lluiss"]
[Result "1-0"]
[WhiteElo "2384"]
[BlackElo "2164"]
[TimeControl "180+1"]
[EndTime "9:29:02 PST"]
[Termination "margarita_2703 won on time"]

1. e4 c5 2. Nf3 d6 3. d4 cxd4 4. Qxd4 Nc6 5. Bb5 Bd7 6. Bxc6 Bxc6 7. Nc3 Nf6 8. Bg5 e6 9. O-O-O Be7 10. Qd3 O-O 11.
Nd4 Rc8 12. Kb1 Qa5 13. f4 Rfe8 14. h4 Qb4 15. g4 Nxg4 16. Qg3 Nf6 17. f5 Nh5 18. Qf3 Nf6 19. h5 Nxe4 20. Nxe4 Bxg5 21. Nxc6 Rxc6 22. Nxg5 Qc5 23. Rh2 Qxf5 24. Qxf5 exf5 25.
Rhd2 Rd8 26. c3 h6 27. Nf3 Kf8 28. Rd5 g6 29. Nh4 Kg7 30. Rg1 g5 31. Nxf5+ Kh7 32.
Re1 Rd7 33. a4 Rc5 34. Red1 Rxd5 35. Rxd5 Kg8 36. Kc2 Rc7 37. b3 Rc5 38. Nxh6+ Kh7 39. Rxc5 dxc5 40. Nxf7 1-0

[Event "Early-Titled-Tuesday-Blitz-March-05-2024"]
[Site "Chess.com"]
[Date "2024.03.05"]
[Round "8"]
[White "TigrVShlyape"]
[Black "HATilay"]
[Result "1-0"]
[WhiteElo "2865"]
[BlackElo "2682"]
[TimeControl "180+1"]
[EndTime "9:29:04 PST"]
[Termination "TigrVShlyape won by resignation"]

1. e4 c5 2. Nf3 d6 3. d4 cxd4 4. Nxd4 Nf6 5. Nc3 a6 6. a4 g6 7. Be2 Bg7 8. O-O O-O 9. Be3 Bd7 10. Qd2 Nc6 11. Rfd1 Rc8 12. f3 Ne5 13. a5 Nc4 14. Bxc4 Rxc4 15. Nde2 Qb8 16. b3 Rc6 17. Ra2 Rfc8 18.
Na4 Re8 19. c4 Rf8 20. Nb6 Be8 21. Bh6 Bxh6 22. Qxh6 e6 23. Qf4 Kg7 24. Rad2 e5 25. Qe3 Bd7 26. h3 Be6 27. f4 exf4 28. Qxf4 Nh5 29.
Qh2 f5 30. Nd4 Qe8 31. Nxc6 Qxc6 32. Qxd6 Qxe4 33. Qd4+ Qxd4+ 34. Rxd4 Ng3 35. Rd8 Rf7 36. Re8 Rf6 37. Re7+ Kh6 38. Rd6 f4 1-0

[Event "Early-Titled-Tuesday-Blitz-March-05-2024"]
[Site "Chess.com"]
[Date "2024.03.05"]
[Round "8"]
[White "Quattroporte300"]
[Black "MANOJ_MISHRA123"]
[Result "1-0"]
[WhiteElo "2442"]
[BlackElo "2259"]
[TimeControl "180+1"]
[EndTime "9:29:04 PST"]
[Termination "Quattroporte300 won on time"]

1. e4 Nf6 2. e5 Nd5 3. d4 d6 4. c4 Nb6 5. exd6 cxd6 6. Nc3 g6 7. Be3 Bg7 8. Rc1 O-O 9. b3 Bf5 10. Nf3 d5 11. c5 Nc8 12. Bd3 Nc6 13. Bxf5 gxf5 14.
O-O e6 15. a3 N8e7 16. b4 a6 17. Qd3 Ng6 18. Rfe1 e5 19. dxe5 Ngxe5 20. Nxe5 Nxe5 21.
Qxf5 d4 22. Rcd1 dxe3 23. Rxd8 exf2+ 24. Qxf2 Raxd8 25. Qg3 Nd3 26. Rd1 Ne5 27. Rxd8 Rxd8 28. Ne4 Rd1+ 29. Kf2 Rd3 30. Nf6+ Kf8 31. Qxe5 Rd2+ 32.
Ke1 Rd8 33. Nxh7+ Kg8 34. Nf6+ Kf8 35. g4 b6 36. g5 bxc5 37. Qxc5+ 1-0

[Event "Early-Titled-Tuesday-Blitz-March-05-2024"]
[Site "Chess.com"]
[Date "2024.03.05"]
[Round "8"]
[White "javirec"]
[Black "aljado"]
[Result "0-1"]
[WhiteElo "2250"]
[BlackElo "2081"]
[TimeControl "180+1"]
[EndTime "9:29:05 PST"]
[Termination "aljado won by checkmate"]

1. e4 c5 2. c3 e6 3. d4 d5 4. exd5 exd5 5. Bb5+ Nc6 6. Nf3 Nf6 7. O-O Be7 8. dxc5 O-O 9. h3 Bxc5 10.
Nbd2 Re8 11. Nb3 Bb6 12. Nbd4 Qd6 13. Bg5 Ne4 14. Be3 Qg6 15. Kh1 Ng3+ 16. fxg3 Rxe3 17. Nxc6 bxc6 18. Nh4 Qxg3 19. Nf5 Bxf5 20. Rxf5 Rae8 21. Qg4 Re1+ 22. Rxe1 Rxe1+ 23. Bf1 Qe3 24. Qf3 Qg1# 0-1

[Event "Early-Titled-Tuesday-Blitz-March-05-2024"]
[Site "Chess.com"]
[Date "2024.03.05"]
[Round "8"]
[White "aridannie"]
[Black "mortngabriel"]
[Result "1-0"]
[WhiteElo "2448"]
[BlackElo "2525"]
[TimeControl "180+1"]
[EndTime "9:29:08 PST"]
[Termination "aridannie won on time"]

1. Nf3 d5 2. g3 Nf6 3. Bg2 e6 4. O-O Be7 5. d3 O-O 6. Nbd2 a5 7. e4 a4 8. a3 c5 9. Re1 Nc6 10. e5 Nd7 11. Nf1 b5 12. h4 b4 13. N1h2 bxa3 14.
bxa3 Ba6 15. Bf4 Qa5 16. h5 h6 17. Ng4 Rfb8 18. Qc1 Bf8 19. Bxh6 Ne7 20. Bd2 Qb6 21.
h6 Nf5 22. hxg7 Bxg7 23. Nh6+ Nxh6 24. Bxh6 Qd8 25. Qf4 Nf8 26. Bxg7 Kxg7 27. Ng5 Ra7 28. Re3 Ng6 29. Qg4 Qe7 30. Rae1 Rf8 31. Rf3 Bb5 32. Rf6 Be8 33. f4 Rh8 34. c3 Rb7 35.
f5 exf5 36. Qxf5 Rh6 37. Bxd5 Rb2 38. Bxf7 Bd7 39. Rxg6+ Rxg6 40. Qxg6+ 1-0

[Event "Early-Titled-Tuesday-Blitz-March-05-2024"]
[Site "Chess.com"]
[Date "2024.03.05"]
[Round "8"]
[White "bescmelasti"]
[Black "Austen48"]
[Result "1-0"]
[WhiteElo "2665"]
[BlackElo "2319"]
[TimeControl "180+1"]
[EndTime "9:29:12 PST"]
[Termination "bescmelasti won by resignation"]

1. e4 c5 2. Nf3 e6 3. d4 cxd4 4. Nxd4 a6 5. Bd3 Qc7 6. O-O Nf6 7. Qe2 d6 8. c4 g6 9. Nc3 Bg7 10. Rd1 O-O 11. Nf3 Nbd7 12. h3 b6 13. Bf4 Ne5 14.
Nxe5 dxe5 15. Be3 Bb7 16. b4 Rfd8 17. c5 b5 18. a4 Bc6 19. axb5 axb5 20. Nxb5 Bxb5 21.
Bxb5 Nxe4 22. Rxa8 Rxa8 23. Qc4 Nf6 24. c6 Nd5 25.
Rxd5 exd5 26. Qxd5 Rd8 27. Qb3 e4 28. g3 h5 29. Bc4 Qxc6 30. Bxf7+ Kh7 31. b5 Qc8 32. b6 Qxh3 33. Be6 Rd1+ 34. Qxd1 Qxe6 35. b7 Be5 36.
Qd8 Qb3 37. Qe7+ Bg7 38. Qxe4 Qd1+ 39. Kg2 Qb3 40. Bf4 h4 41. b8=Q h3+ 42. Kxh3 1-0

[Event "Early-Titled-Tuesday-Blitz-March-05-2024"]
[Site "Chess.com"]
[Date "2024.03.05"]
[Round "8"]
[White "viviania"]
[Black "Yan_Dyomin2010"]
[Result "1-0"]
[WhiteElo "2898"]
[BlackElo "2705"]
[TimeControl "180+1"]
[EndTime "9:29:15 PST"]
[Termination "viviania won by resignation"]

1. e4 c5 2. Nf3 Nc6 3. d4 cxd4 4. Nxd4 g6 5. c4 Nf6 6. Nc3 Nxd4 7. Qxd4 d6 8. Bg5 Bg7 9. Qd2 Bd7 10. Rc1 O-O 11. Bd3 Rc8 12. O-O Re8 13. b4 a5 14.
a3 axb4 15. axb4 Bc6 16. Nd5 e6 17. Nxf6+ Bxf6 18. Bxf6 Qxf6 19. Qe3 Red8 20. f4 Qe7 21. Rfd1 Rc7 22. Be2 d5 23. cxd5 exd5 24.
b5 d4 25. Rxd4 Rxd4 26. Qxd4 Rd7 27. Qb2 Bxe4 28. Rc8+ Rd8 29. Qe5 Qf8 30. Rxd8 Qxd8 31. Qxe4 Qb6+ 32. Kf1 Qc7 33. h3 Qc1+ 34. Kf2 b6 35. Qe3 Qc7 36. Qe8+ 1-0

[Event "Early-Titled-Tuesday-Blitz-March-05-2024"]
[Site "Chess.com"]
[Date "2024.03.05"]
[Round "8"]
[White "KoningKobe"]
[Black "Bekkedahl"]
[Result "1-0"]
[WhiteElo "2412"]
[BlackElo "2194"]
[TimeControl "180+1"]
[EndTime "9:29:15 PST"]
[Termination "KoningKobe won by resignation"]

1. e4 c5 2. Nf3 g6 3. c3 Bg7 4.
d4 cxd4 5. cxd4 d5 6. e5 Bg4 7.
Nc3 Nh6 8. h3 Bxf3 9. Qxf3 e6 10.
g4 O-O 11. h4 Nc6 12. Be3 f6 13. exf6 Rxf6 14. Qg3 Rf7 15. O-O-O Qa5 16. h5 Nb4 17.
hxg6 hxg6 18. a3 Rc8 19. axb4 Qxb4 20. Bxh6 Bxd4 21. Bd2 Qb3 22. Qd3 e5 23. Qxg6+ Rg7 24.
Qe6+ 1-0

[Event "Early-Titled-Tuesday-Blitz-March-05-2024"]
[Site "Chess.com"]
[Date "2024.03.05"]
[Round "8"]
[White "ZCorrales"]
[Black "FuenfgegenWilly"]
[Result "0-1"]
[WhiteElo "2231"]
[BlackElo "2445"]
[TimeControl "180+1"]
[EndTime "9:29:22 PST"]
[Termination "FuenfgegenWilly won on time"]

1. e4 e5 2. Nf3 Nc6 3. Bc4 Nf6 4.
O-O Nxe4 5. d4 exd4 6. Re1 d5 7. Bxd5 Qxd5 8. Nc3 Qh5 9. Nxe4 Be6 10. Bg5 Bd6 11.
Nxd6+ cxd6 12. Bf4 Qd5 13. c3 Rc8 14. cxd4 O-O 15.
Qd2 Bg4 16. Re3 Bxf3 17. Rxf3 Qxd4 18. Rd3 Qb4 19. Bxd6 Qxd2 20. Rxd2 Rfd8 21. Rad1 f6 22. g3 Kf7 23. Bf4 Rxd2 24. Rxd2 Rd8 25. Rxd8 Nxd8 26. Be3 a6 27. Kf1 Ke6 28. Ke2 Kd5 29. Kd3 Nc6 30. a3 b5 31. Bb6 a5 32. Bc7 a4 33. f4 f5 34. Bb6 g6 35. Kc3 Ke4 36. b3 axb3 37. Kxb3 Kf3 38. a4 bxa4+ 39. Kxa4 Kg2 40. Kb5 Ne7 41. Bd8 Nd5 42. Kc5 Ne3 43. Kd6 Kxh2 44.
Bh4 Nf1 45. Ke6 Nxg3 46. Kf6 Ne2 47. Bg5 Kg3 48. Kg7 Nxf4 49. Kxh7 Kg4 50. Kh6 Ne6 51. Bd2 g5 52. Kg6 f4 53. Kf6 Nc5 54. Ke5 f3 55. Kd4 f2 0-1

[Event "Early-Titled-Tuesday-Blitz-March-05-2024"]
[Site "Chess.com"]
[Date "2024.03.05"]
[Round "8"]
[White "salzikis"]
[Black "viktorskliarov"]
[Result "1-0"]
[WhiteElo "2440"]
[BlackElo "2569"]
[TimeControl "180+1"]
[EndTime "9:29:23 PST"]
[Termination "salzikis won by resignation"]

1. e4 c5 2. Nf3 Nc6 3. Bb5 e6 4. c3 Nge7 5. O-O a6 6. Be2 d5 7.
exd5 Nxd5 8. d4 cxd4 9. Nxd4 Bd7 10. Bf3 Be7 11. a3 O-O 12. Nxc6 Bxc6 13. c4 Nf6 14. Bxc6 bxc6 15. Nc3 Qc7 16. Qf3 Qb7 17. b4 Qc8 18. Be3 e5 19. Rfc1 Qe6 20. Ne4 Nxe4 21. Qxe4 f5 22. Qc2 f4 23. Bd2 f3 24. Qe4 fxg2 25.
Be3 Rad8 26. a4 Bxb4 27. c5 Bd2 28. Rd1 Bxe3 29. Qxe3 Qf5 30. Rd6 Rxd6 31. cxd6 h5 32. Rd1 h4 33. h3 Rd8 34. Qb3+ Kh7 35. Qc4 Qg6 36. Qxh4+ Kg8 37. Qxd8+ Kh7 38. Qh4+ Qh6 39. Qxh6+ 1-0

[Event "Early-Titled-Tuesday-Blitz-March-05-2024"]
[Site "Chess.com"]
[Date "2024.03.05"]
[Round "8"]
[White "guillembaches"]
[Black "cristiano78"]
[Result "1/2-1/2"]
[WhiteElo "2519"]
[BlackElo "2288"]
[TimeControl "180+1"]
[EndTime "9:29:24 PST"]
[Termination "Game drawn by repetition"]

1. Nf3 Nf6 2. d4 g6 3. c3 Bg7 4.
Bg5 d6 5. Nbd2 h6 6. Bh4 g5 7.
Bg3 Nh5 8. e4 e6 9. Bd3 Qe7 10.
Qe2 Nd7 11. Nc4 b5 12. Ne3 a6 13. Nd2 Nxg3 14. hxg3 Bb7 15. f4 c5 16. d5 exd5 17. Nf5 Qf6 18. exd5+ Kd8 19. Nxg7 Qxg7 20. O-O-O Bxd5 21. Be4 Bxe4 22. Nxe4 Kc7 23. Rxd6 f5 24. Rhd1 fxe4 25.
Rxd7+ Qxd7 26. Rxd7+ Kxd7 27. Qxe4 c4 28. Qd5+ Kc7 29.
fxg5 hxg5 30. Qxg5 Rh1+ 31. Kc2 Rd8 32. Qc5+ Kb7 33. Qe7+ Kc8 34. a4 Rhd1 35. Qe6+ Kb7 36. Qe7+ R1d7 37. Qe4+ Kb6 38. axb5 axb5 39. Qe6+ Rd6 40.
Qe3+ Kc6 41. g4 Rd3 42. Qe6+ R8d6 43. Qc8+ Kb6 44. Qb8+ Kc6 45. Qc8+ Kb6 46. Qb8+ Kc6 47. Qc8+ 1/2-1/2

[Event "Early-Titled-Tuesday-Blitz-March-05-2024"]
[Site "Chess.com"]
[Date "2024.03.05"]
[Round "8"]
[White "Barmen_EV"]
[Black "mertfelin"]
[Result "1-0"]
[WhiteElo "2487"]
[BlackElo "2346"]
[TimeControl "180+1"]
[EndTime "9:29:24 PST"]
[Termination "Barmen_EV won by resignation"]

1. e4 e5 2. Nf3 Nc6 3. d4 exd4 4. Bc4 Bc5 5. O-O Nf6 6. c3 Nxe4 7. cxd4 d5 8. dxc5 dxc4 9. Qe2 Qd3 10. Re1 f5 11. Nc3 O-O 12. Nxe4 fxe4 13. Qxe4 Bf5 14. Qxd3 cxd3 15. Bd2 Rad8 16. a3 Rd5 17. b4 a6 18.
Re3 Bg4 19. Ne1 Be2 20. f3 Ne5 21. Ra2 Kf7 22. Kf2 Rfd8 23. h3 g5 24. Re4 Kg6 25. h4 h6 26. Bc3 Re8 27. Rd2 Kf7 28. hxg5 hxg5 29. Rxe5 Rexe5 30. Bxe5 Rxe5 31. Nxd3 Bxd3 32. Rxd3 Re7 33. a4 Kf6 34. Kg3 a5 35. bxa5 Re5 36. Rc3 Kf5 37. Rb3 Rxc5 38. Rb5 Rxb5 39. axb5 1-0

[Event "Early-Titled-Tuesday-Blitz-March-05-2024"]
[Site "Chess.com"]
[Date "2024.03.05"]
[Round "8"]
[White "Pelusiansky"]
[Black "publicaccountcze"]
[Result "1-0"]
[WhiteElo "2571"]
[BlackElo "2203"]
[TimeControl "180+1"]
[EndTime "9:29:25 PST"]
[Termination "Pelusiansky won by resignation"]

1. c4 c5 2. Nc3 Nc6 3. g3 g6 4. Bg2 Bg7 5. Nf3 Nf6 6. O-O O-O 7. d3 d6 8. a3 a5 9. Rb1 Bd7 10. Ne1 e6 11. Nc2 Qe7 12. b4 axb4 13. axb4 Nxb4 14. Nxb4 cxb4 15. Rxb4 Bc6 16. Qb3 Nd7 17. Bxc6 bxc6 18.
Rb7 Rfb8 19. Bd2 Rxb7 20. Qxb7 Ra3 21. Nb1 Ra2 22. Qxc6 Nc5 23. Bf4 e5 24. Be3 Rxe2 25.
Nc3 Nxd3 26. Nxe2 e4 27. Nf4 f5 28. Nxd3 exd3 29. Qd5+ Kh8 30. Qxd3 1-0

[Event "Early-Titled-Tuesday-Blitz-March-05-2024"]
[Site "Chess.com"]
[Date "2024.03.05"]
[Round "8"]
[White "secrethawk1"]
[Black "EvgenyBurmakin"]
[Result "1-0"]
[WhiteElo "2491"]
[BlackElo "2352"]
[TimeControl "180+1"]
[EndTime "9:29:31 PST"]
[Termination "secrethawk1 won by checkmate"]

1. d4 Nf6 2. Bf4 g6 3. e3 Bg7 4. Nf3 c5 5. c3 O-O 6. h3 d5 7. Be2 Nc6 8. O-O Qb6 9. Qb3 c4 10. Qxb6 axb6 11. a3 b5 12. Nbd2 Bf5 13. Bh2 Nd7 14. Nh4 Nb6 15. Nxf5 gxf5 16. f3 Na4 17.
Rab1 e6 18. e4 fxe4 19. fxe4 Nxd4 20. cxd4 Bxd4+ 21. Kh1 Bxb2 22. exd5 exd5 23. Bd1 Bc3 24. Nf3 Nb2 25. Bc2 d4 26. Be5 Rfd8 27. Ng5 Rd7 28.
Bxh7+ Kf8 29. Bg6 Rxa3 30. Bxf7 d3 31. Be6+ Ke7 32. Rf7+ Kd8 33. Rxd7+ Ke8 34. Bxc3 Rxc3 35. Rxb2 Rc1+ 36. Kh2 c3 37. Rxb5 c2 38. Rc5 Rd1 39.
Rc8# 1-0

[Event "Early-Titled-Tuesday-Blitz-March-05-2024"]
[Site "Chess.com"]
[Date "2024.03.05"]
[Round "8"]
[White "matagordo"]
[Black "ploxoi"]
[Result "0-1"]
[WhiteElo "2244"]
[BlackElo "2449"]
[TimeControl "180+1"]
[EndTime "9:29:31 PST"]
[Termination "ploxoi won by resignation"]

1. d4 d5 2. Bf4 e6 3. e3 c5 4. Nf3 Nc6 5. Nbd2 Qb6 6. dxc5 Bxc5 7. Nb3 Be7 8. Be2 Nf6 9. O-O O-O 10. c4 Rd8 11.
Qc2 dxc4 12. Qxc4 Bd7 13. Bg5 Rac8 14. Qh4 h6 15. Bf4 e5 16. Nxe5 Ng4 17. Qg3 Ngxe5 18. Bxe5 Nxe5 19. Qxe5 Bf6 20. Qg3 Bxb2 21. Rad1 Ba4 22.
Qh4 Bc6 23. Bg4 Rxd1 24. Rxd1 Bf6 25. Qg3 Rd8 26. Rxd8+ Qxd8 27. Bf3 Bd5 28. Bxd5 Qxd5 29. Qf3 Qxf3 30. gxf3 b6 31. Kf1 Kf8 32. Ke2 Ke7 33. Kd3 Kd6 34. Kc4 a6 35. Nd2 Kc6 36. Ne4 Be7 37.
h3 b5+ 38. Kd4 a5 39. Nc3 Bf6+ 40. Kd3 Bxc3 41. Kxc3 Kc5 42. f4 b4+ 43. Kb3 Kb5 44. e4 a4+ 45. Kb2 Kc4 46. f3 Kd4 47. Kc2 h5 48. h4 Ke3 49. f5 f6 50. Kb2 Kxf3 0-1

[Event "Early-Titled-Tuesday-Blitz-March-05-2024"]
[Site "Chess.com"]
[Date "2024.03.05"]
[Round "8"]
[White "Ralf61"]
[Black "martinmena"]
[Result "1-0"]
[WhiteElo "2539"]
[BlackElo "2295"]
[TimeControl "180+1"]
[EndTime "9:29:31 PST"]
[Termination "Ralf61 won by resignation"]

1. Nf3 d5 2. d4 Nf6 3. c4 e6 4. Nc3 Be7 5. Bf4 O-O 6. e3 a6 7. Rc1 dxc4 8. Bxc4 b5 9. Bd3 Bb7 10. O-O Bd6 11. Bg3 Bxg3 12. hxg3 Nbd7 13. Qe2 Qe7 14. e4 c5 15. e5 Nd5 16. dxc5 Nxc3 17. Rxc3 Nxc5 18.
Bb1 Rac8 19. Rfc1 Rfd8 20. Qe3 Nd7 21. Qa7 Rxc3 22. Rxc3 Bxf3 23. gxf3 Qb4 24. Qc7 Qf8 25. Rd3 Qe8 26. Kg2 g6 27. Rd6 Kg7 28. Be4 Qe7 29. Bc6 Qg5 30. Rxd7 Rxd7 31. Bxd7 Qc1 32.
Qxc1 1-0

[Event "Early-Titled-Tuesday-Blitz-March-05-2024"]
[Site "Chess.com"]
[Date "2024.03.05"]
[Round "8"]
[White "PepeCuenca"]
[Black "Eagle_2019"]
[Result "0-1"]
[WhiteElo "2697"]
[BlackElo "2877"]
[TimeControl "180+1"]
[EndTime "9:29:32 PST"]
[Termination "Eagle_2019 won on time"]

1. d4 d5 2. Bf4 Nf6 3. e3 e6 4. Nf3 c5 5. Nbd2 Nc6 6. c3 cxd4 7. exd4 Nh5 8. Be3 Bd6 9. Bd3 Nf4 10. Bxf4 Bxf4 11.
O-O O-O 12. Re1 Bd7 13. g3 Bd6 14. a4 f6 15. c4 Nb4 16. Bf1 Rc8 17. c5 Bb8 18. a5 Nc6 19. b4 Nxb4 20. Qb3 Nc6 21. Qxb7 e5 22. dxe5 fxe5 23. Bg2 e4 24. Ng5 Qxg5 25.
Qxd7 Qxd2 26. Bxe4 Qxf2+ 27. Kh1 dxe4 28. Rf1 Qe2 29. Qe6+ Kh8 30. Rxf8+ Rxf8 31. Qxc6 Rf1+ 0-1

[Event "Early-Titled-Tuesday-Blitz-March-05-2024"]
[Site "Chess.com"]
[Date "2024.03.05"]
[Round "8"]
[White "Polish_fighter3000"]
[Black "KhalilMousavi98"]
[Result "1-0"]
[WhiteElo "3107"]
[BlackElo "2833"]
[TimeControl "180+1"]
[EndTime "9:29:33 PST"]
[Termination "Polish_fighter3000 won by resignation"]

1. e4 e5 2. Nf3 Nc6 3. Bc4 Nf6 4. d3 Bc5 5. c3 d6 6. O-O a6 7. a4 h6 8. Re1 Ba7 9. b4 O-O 10. h3 Ne7 11. d4 Ng6 12. Bf1 Re8 13. Nbd2 d5 14.
exd5 e4 15. Nh2 Nxd5 16. Qb3 Nxc3 17. Bc4 Be6 18. Qxc3 Bxd4 19. Qa3 Bxa1 20. Qxa1 Nf4 21. Nxe4 Nxg2 22. Bxh6 gxh6 23. Kxg2 Bxc4 24. Nf6+ Qxf6 25. Rxe8+ Rxe8 26. Qxf6 1-0

[Event "Early-Titled-Tuesday-Blitz-March-05-2024"]
[Site "Chess.com"]
[Date "2024.03.05"]
[Round "8"]
[White "Semetey"]
[Black "GreenPeach24"]
[Result "0-1"]
[WhiteElo "2576"]
[BlackElo "2487"]
[TimeControl "180+1"]
[EndTime "9:29:34 PST"]
[Termination "GreenPeach24 won on time"]

1. e4 c6 2. Nc3 d5 3. Nf3 g6 4. h3 Bg7 5. d4 dxe4 6. Nxe4 Nf6 7.
Bd3 O-O 8. O-O Nbd7 9. c3 Qc7 10. Re1 Nxe4 11. Bxe4 c5 12. Bg5 Nf6 13. Bc2 cxd4 14. Nxd4 a6 15. Bb3 b5 16. Qe2 Re8 17. Nf3 e6 18. Rad1 Bb7 19. Ne5 Nd5 20. Nd3 a5 21. a4 bxa4 22. Bxa4 Bc6 23. Bxc6 Qxc6 24. Nf4 Nb6 25. Nd3 Nc4 26. Bc1 Reb8 27. Qc2 Rb7 28. b3 Nb6 29. c4 a4 30. Ne5 Qc7 31. Bb2 axb3 32. Qxb3 Na4 0-1

[Event "Early-Titled-Tuesday-Blitz-March-05-2024"]
[Site "Chess.com"]
[Date "2024.03.05"]
[Round "8"]
[White "RobertoJBM"]
[Black "Zq1"]
[Result "0-1"]
[WhiteElo "2821"]
[BlackElo "2645"]
[TimeControl "180+1"]
[EndTime "9:29:35 PST"]
[Termination "Zq1 won on time"]

1. d4 Nf6 2. Nf3 e6 3. e3 c5 4. Bd3 b6 5. c3 Bb7 6. Qe2 cxd4 7. exd4 Be7 8. O-O O-O 9. Bf4 d6 10. Re1 a6 11. h3 Nbd7 12. Nbd2 Re8 13. Nc4 Nf8 14.
a4 Ng6 15. Bh2 Nd5 16. Qd2 b5 17. axb5 axb5 18. Ne3 Qb6 19. Nxd5 Bxd5 20. Qe2 b4 21.
c4 Bxf3 22. Qxf3 Rxa1 23. Rxa1 Qxd4 24. Rb1 Ne5 25. Bxe5 dxe5 26. Qe4 Qxe4 27. Bxe4 Rd8 28. b3 Rd2 29. Kf1 Bc5 30. Ke1 Rxf2 31. Rd1 f5 32. Bc6 e4 33. g4 g6 34. Rd8+ Kf7 35.
g5 e5 36. Bd5+ Ke7 37. Rh8 e3 38.
Rxh7+ Kd6 39. Rg7 Bd4 40. Rxg6+ Ke7 41. Re6+ Kd7 0-1

[Event "Early-Titled-Tuesday-Blitz-March-05-2024"]
[Site "Chess.com"]
[Date "2024.03.05"]
[Round "8"]
[White "TheCavemanChess"]
[Black "sorch29"]
[Result "1-0"]
[WhiteElo "2719"]
[BlackElo "2458"]
[TimeControl "180+1"]
[EndTime "9:29:35 PST"]
[Termination "TheCavemanChess won on time"]

1. Nf3 Nf6 2. g3 g6 3. Bg2 Bg7 4. O-O O-O 5. c4 d6 6. Nc3 e5 7. d3 Nc6 8. Rb1 a5 9. a3 Re8 10. Bg5 h6 11. Bxf6 Bxf6 12. b4 axb4 13. axb4 Bg7 14.
Nd2 Nd4 15. e3 Ne6 16. Nb3 c6 17. b5 Bd7 18. Qc2 Qc7 19. Nd2 Ra5 20. Rb2 cxb5 21. Rfb1 Nc5 22. Nxb5 Bxb5 23. Rxb5 Rxb5 24. Rxb5 Re7 25.
Bd5 Kh7 26. Nb3 b6 27. Nc1 f5 28.
Na2 e4 29. Nb4 exd3 30. Nxd3 Qa7 31. Nf4 Qa1+ 32. Kg2 Qa7 33. h4 h5 34. Nxh5 Be5 35.
Nf4 Kh6 36. h5 Bxf4 37. exf4 Qa1 38. hxg6 Kxg6 39. Rxb6 Rh7 40. Rxd6+ Kg7 41. Kf3 Qh1+ 42. Ke2 1-0

[Event "Early-Titled-Tuesday-Blitz-March-05-2024"]
[Site "Chess.com"]
[Date "2024.03.05"]
[Round "8"]
[White "Predator0608"]
[Black "effefe"]
[Result "1-0"]
[WhiteElo "2542"]
[BlackElo "2402"]
[TimeControl "180+1"]
[EndTime "9:29:35 PST"]
[Termination "Predator0608 won by checkmate"]

1. g3 Nf6 2. Bg2 g6 3. b3 Bg7 4. Bb2 O-O 5. d3 d6 6. Nd2 e5 7. e3 Nc6 8. Ne2 Ne8 9. O-O f5 10. f4 Nf6 11. e4 Nh5 12. fxe5 Nxe5 13. exf5 Rxf5 14. Rxf5 Bxf5 15. Bxb7 Rb8 16. Bd5+ Kh8 17. Qf1 Qd7 18. Nf4 Nxf4 19. gxf4 Nf3+ 20. Qxf3 Bxb2 21. Re1 Qg7 22. Kh1 Qc3 23. Qe3 Qxc2 24. Nc4 Bf6 25. Qxa7 Rd8 26. Qxc7 Qxd3 27. Qf7 Bc3 28. Nxd6 Qd4 29.
Nxf5 gxf5 30. Re8+ Rxe8 31. Qxe8+ Kg7 32. Qg8+ Kh6 33.
Qg5# 1-0

[Event "Early-Titled-Tuesday-Blitz-March-05-2024"]
[Site "Chess.com"]
[Date "2024.03.05"]
[Round "8"]
[White "isaak2009"]
[Black "GM4life"]
[Result "0-1"]
[WhiteElo "2750"]
[BlackElo "2521"]
[TimeControl "180+1"]
[EndTime "9:29:36 PST"]
[Termination "GM4life won by resignation"]

1. d4 Nf6 2. c4 e6 3. Nc3 Bb4 4. e3 O-O 5. Bd3 d5 6. a3 Bxc3+ 7. bxc3 dxc4 8. Bxc4 c5 9. Ne2 Qc7 10. Bd3 Nc6 11. O-O e5 12. e4 cxd4 13. cxd4 Nxd4 14. Nxd4 exd4 15. Bd2 Rd8 16. Rc1 Qb6 17. h3 Be6 18.
f4 Bb3 19. Qf3 Ba4 20. f5 Bc6 21. Bg5 Re8 22. Rce1 Qb3 23. Kh2 Qxa3 24. Qg3 Nxe4 25. Rxe4 Bxe4 26. Bh6 g6 27. fxg6 Bxg6 28. Qf4 Qe7 29.
Bxg6 hxg6 30. Kh1 f6 31. Qxd4 Rad8 32. Qc4+ Qe6 33. Qc7 Rd7 34. Qc2 Qe4 35. Qa2+ Qd5 36. Qc2 Qd3 37. Qa2+ Kh7 38. Rxf6 Kxh6 39. Qf2 Kg7 40.
Rf4 Qd1+ 41. Kh2 Qd6 42. g3 Rde7 0-1

[Event "Early-Titled-Tuesday-Blitz-March-05-2024"]
[Site "Chess.com"]
[Date "2024.03.05"]
[Round "8"]
[White "enriquebutti"]
[Black "Let_it_be_1"]
[Result "0-1"]
[WhiteElo "2228"]
[BlackElo "2588"]
[TimeControl "180+1"]
[EndTime "9:29:36 PST"]
[Termination "Let_it_be_1 won by checkmate"]

1. d4 d5 2. c4 e6 3. Nf3 Nf6 4. Nc3 Be7 5. e3 O-O 6. b3 Nbd7 7. Bb2 c5 8. Bd3 dxc4 9. bxc4 b6 10. O-O Bb7 11. Qe2 cxd4 12. exd4 a6 13. Rad1 Qc7 14. Ne5 Nxe5 15. dxe5 Nd7 16. f4 g6 17. Kh1 Rfd8 18.
Ne4 Nc5 19. Nd6 Nxd3 20. Rxd3 Rd7 21. Rfd1 Rad8 22. Qe3 Qc6 23. R1d2 Ba8 24. Ba3 h5 25. Qg3 h4 26. Qg4 Qa4 27. f5 exf5 28. Nxf5 Rxd3 29. Nxe7+ Kg7 30. Nf5+ Kg8 31. Ne7+ Kf8 32. Nxg6+ Ke8 33. Rxd3 Rxd3 34. Qc8+ Rd8 35. Qc7 Qd1# 0-1

[Event "Early-Titled-Tuesday-Blitz-March-05-2024"]
[Site "Chess.com"]
[Date "2024.03.05"]
[Round "8"]
[White "fandebobbyfischer"]
[Black "JaackCamel"]
[Result "0-1"]
[WhiteElo "2690"]
[BlackElo "2235"]
[TimeControl "180+1"]
[EndTime "9:29:38 PST"]
[Termination "JaackCamel won on time"]

1. e4 e6 2. d4 d5 3. Nd2 c5 4.
Ngf3 cxd4 5. Nxd4 Nc6 6. Nxc6 bxc6 7. Bd3 Nf6 8. O-O Be7 9. c4 h6 10. h3 a5 11. Qc2 Ba6 12. Rd1 Qb8 13. b3 O-O 14.
Bb2 a4 15. Rab1 a3 16. Ba1 Rd8 17. exd5 cxd5 18. b4 dxc4 19. Nxc4 Bxc4 20. Qxc4 Nd5 21. Be4 Ra4 22. Bxd5 exd5 23. Qc3 Bf6 24. Qb3 Bxa1 25. Qxa4 Bb2 26. b5 d4 27. Qb3 Qf4 28. Rxb2 axb2 29.
Qxb2 d3 30. b6 Qe4 31. Qc3 d2 32. Kh2 Rd6 33. b7 Qxb7 34. Rxd2 Rc6 0-1

[Event "Early-Titled-Tuesday-Blitz-March-05-2024"]
[Site "Chess.com"]
[Date "2024.03.05"]
[Round "8"]
[White "Lennis93"]
[Black "Herzog2012"]
[Result "1-0"]
[WhiteElo "2700"]
[BlackElo "2505"]
[TimeControl "180+1"]
[EndTime "9:29:39 PST"]
[Termination "Lennis93 won on time"]

1. d4 Nf6 2. Nf3 e6 3. Bg5 c5 4. Bxf6 Qxf6 5. Nc3 cxd4 6. Qxd4 Qxd4 7. Nxd4 Nc6 8. Ncb5 Nxd4 9. Nxd4 a6 10. g3 Bc5 11.
Nb3 Bb6 12. c4 d6 13. Bg2 Kd7 14. e3 Kc7 15. Ke2 Bd7 16. Rhd1 Bc6 17. Bxc6 Kxc6 18. Rac1 Rhd8 19. Nd4+ Kd7 20. b4 Bxd4 21. Rxd4 a5 22. b5 b6 23. c5 bxc5 24. Rxc5 Rdc8 25. Rcc4 d5 26. Rxc8 Rxc8 27. Ra4 Ra8 28. e4 Kd6 29. exd5 exd5 30. Rf4 f6 31. a4 Rc8 32. h4 Rc2+ 33. Kd3 Ra2 34. h5 Kc5 35. Kc3 Ra3+ 36. Kb2 Rd3 37.
h6 gxh6 38. Rxf6 Kb4 39. b6 Kxa4 40. Kc2 Rd4 41. Rf4 1-0